 Dungeon Crawl Stone Soup version 0.29.0-15-g675c0067aa (webtiles) character file.

Game seed: 10964770753009505867

209 qw the Chopper (level 5, -3/32 HPs)
             Began as a Gargoyle Fighter on Sept 11, 2022.
             Slain by Edmund
             ... wielding a +2 flail of protection
              (5 damage)
             ... on level 4 of the Dungeon.
             The game lasted 00:01:02 (3570 turns).

qw the Chopper (Gargoyle Fighter)                   Turns: 3570, Time: 00:01:02

Health: -3/32      AC: 15    Str: 22    XL:     5   Next: 87%
Magic:  0/5        EV:  7    Int:  8    God:
Gold:   184        SH:  4    Dex:  9    Spells: 4/4 levels left

rFire   . . .      SeeInvis .   Y - +2 war axe
rCold   . . .      Faith    .   c - +0 buckler
rNeg    + . .      Spirit   +   l - +0 chain mail
rPois   inf        Reflect  .   k - +2 hat
rElec   +          Harm     .   (no cloak)
rCorr   .          Rampage  .   (no gloves)
Will    .....                   (no boots)
Stlth   ..........              f - amulet of guardian spirit
HPRegen 0.10/turn               (no ring)
MPRegen 0.09/turn               (no ring)

@: no status effects
A: sickness immunity, AC +4, negative energy resistance 1, electricity
resistance, torment resistance 1, petrification resistance
a: no special abilities


You were on level 4 of the Dungeon.
You visited 1 branch of the dungeon, and saw 4 of its levels.

You collected 184 gold pieces.


Innate Abilities, Weirdness & Mutations

You are immune to sickness and miasma.
Your stone body is resilient. (AC +4)
You are immune to poison.
You resist negative energy. (rN+)
You are resistant to electric shocks. (rElec)
You are resistant to unholy torment.
You are immune to petrification.


   Skills:
 + Level 3.4 Fighting
 - Level 5.1 Axes
 - Level 1.0 Throwing
 - Level 3.2 Armour
 - Level 3.2 Shields


You had 4 spell levels left.
You didn't know any spells.
Your spell library was empty.

Inventory:

Hand Weapons
 g - a +0 flail
 Y - a +2 war axe (weapon)
Missiles
 j - 7 boomerangs (quivered)
 o - 5 silver javelins
Armour
 c - a +0 buckler (worn)
 k - a +2 hat (worn)
 l - a +0 chain mail (worn)
Jewellery
 f - an amulet of guardian spirit (around neck)
Scrolls
 a - 3 scrolls of identify
 b - a scroll of enchant armour
Potions
 d - 2 potions of might
 e - a potion of ambrosia {unknown}
 h - a potion of curing {unknown}
 i - a potion of mutation {unknown}
 m - a potion of haste {unknown}
 n - a potion of lignification {unknown}

Dungeon Overview and Level Annotations

Branches:
Dungeon (4/15)
 Temple: D:4-7

Altars:
Vehumet

Annotations:
D:4 Edmund


Message History

Throw: 7 boomerangs
Press: ? - help, Q - select action Shift-Dir - straight line, f/p - jackal You throw a boomerang.
The boomerang closely misses the jackal.
The boomerang barely misses the ball python.
You slash the jackal!
You kill the jackal!
Throw: 7 boomerangs
Press: ? - help, Q - select action Shift-Dir - straight line, f - ball python You throw a boomerang.
The boomerang barely misses the ball python.
Throw: 7 boomerangs
Press: ? - help, Q - select action Shift-Dir - straight line, f/p - ball python You throw a boomerang.
The boomerang hits the ball python.
You kill the ball python!
You now have 184 gold pieces (gained 10).
Found a stone staircase leading up.
Enter note:
h - a sapphire potion You see here a jackal corpse.
o - 2 silver javelins You see here a jackal corpse.
o - 3 silver javelins (gained 1)
o - 4 silver javelins (gained 1)
o - 5 silver javelins (gained 1)
You open the door.
There is an open door here.
Edmund the Younger comes into view.
He is wielding a +2 flail of protection and carrying a wand of quicksilver (10).
Edmund shouts!
Enter note: Edmund hits you with a +2 flail of protection!
You hit Edmund but do no damage.
Edmund hits you with a +2 flail of protection!
You slash Edmund!
Edmund is moderately wounded.
Edmund zaps a wand.
The bolt of dispelling energy hits you!
You slash Edmund!
Edmund is heavily wounded.
Edmund hits you with a +2 flail of protection.
You die...

#............<#....
#..................
##......%.%%........ #
##....#..%...#######.#
....###......#######.#
##...##......#.......#
##....##'####.......#
#.....)............#
#......#####.#@..#.#
+....>## #.#@#.#
#)..### #.#.# # ...##
#.#.. .#. #.### # #..
###


You could see Edmund.

Vanquished Creatures
  An orc priest (D:3)
  An iguana (D:4)
  An orc wizard (D:3)
  5 adders
  A worm (D:2)
  3 dart slugs
  5 orcs
  12 bats
  8 endoplasms
  A giant cockroach (D:1)
  7 goblins
  5 hobgoblins
  6 jackals
  2 quokkas
  4 ball pythons
  A ball python skeleton (D:2)
  2 frilled lizards (D:2)
  4 kobolds
  A quokka zombie (D:2)
  A rat (D:2)
71 creatures vanquished.

Vanquished Creatures (others)
  A withered plant (D:2)
1 creature vanquished.

Grand Total: 72 creatures vanquished

Notes
Turn   | Place    | Note
-------+----------+-------------------------------------------
     0 | D:1      | qw the Gargoyle Fighter began the quest for the Orb.
     0 | D:1      | Reached XP level 1. HP: 14/14 MP: 1/1
     0 | D:1      | 0 ||| qw: Version: 0.1-a-119-g272c26d
     0 | D:1      | 0 ||| qw: Game counter: 10736
     0 | D:1      | 0 ||| qw: Always use a shield: true
     0 | D:1      | 0 ||| qw: God list: Okawaru
     0 | D:1      | 0 ||| qw: Allow faded altars: false
     0 | D:1      | 0 ||| qw: Do Orc after D:15 true
     0 | D:1      | 0 ||| qw: Do second Lair branch before Depths: true
     0 | D:1      | 0 ||| qw: Lair rune preference: random
     0 | D:1      | 0 ||| qw: Plans: Normal, Zot, God:TSO, Crypt, Tomb, Pan,
                  | Slime, Hells, Zig, Abyss, Orb
     0 | D:1      | 0 ||| PLANNING D:1-11
    12 | D:1      | 12 ||| Stepping ~*~*~tactically~*~*~ (hiding).
    16 | D:1      | Reached skill level 2 in Axes
   151 | D:1      | Reached XP level 2. HP: 19/19 MP: 2/2
   982 | D:1      | Reached skill level 3 in Axes
  1039 | D:1      | Reached XP level 3. HP: 23/23 MP: 3/3
  1161 | D:1      | 1161 ||| UPGRADING to +1 hat.
  1166 | D:1      | 1166 ||| UPGRADING to +0 chain mail.
  1176 | D:1      | 1176 ||| DROPPING +0 scale mail.
  1177 | D:1      | 1177 ||| READING 2 scrolls labelled ITIESU ODOWAU.
  1178 | D:1      | 1178 ||| READING scroll of enchant armour.
  1178 | D:1      | 1178 ||| ENCHANTING +1 hat.
  1179 | D:1      | 1179 ||| READING scroll labelled PUEZUD GAUNTAW.
  1180 | D:1      | 1180 ||| READING scroll labelled NOAT USORROCZAMNE.
  1181 | D:1      | 1181 ||| READING scroll labelled BEFI TEDETHOMP.
  1306 | D:2      | 1306 ||| Stepping ~*~*~tactically~*~*~ (hiding).
  1423 | D:2      | 1423 ||| DROPPING +0 club.
  1459 | D:2      | Found a faded altar of an unknown god.
  2052 | D:2      | Reached XP level 4. HP: 28/28 MP: 4/4
  2190 | D:2      | 2190 ||| UPGRADING to amulet of guardian spirit.
  2195 | D:2      | 2195 ||| READING scroll labelled GALOEDWO NOSIFA.
  2222 | D:3      | 2222 ||| STAIRDANCE
  2225 | D:2      | Reached skill level 1 in Throwing
  2228 | D:3      | 2228 ||| STAIRDANCE
  2235 | D:3      | 2235 ||| STAIRDANCE
  2317 | D:3      | 2317 ||| STAIRDANCE
  2324 | D:3      | 2324 ||| STAIRDANCE
  2475 | D:3      | Reached skill level 4 in Axes
  2489 | D:3      | Reached XP level 5. HP: 15/32 MP: 3/5
  2660 | D:3      | 2660 ||| DROPPING +0 whip.
  2677 | D:3      | 2677 ||| Stepping ~*~*~tactically~*~*~ (hiding).
  2903 | D:3      | Identified the +6 sling of Uckum {vorpal, rF+ Str+2}
  3250 | D:3      | 3250 ||| READING scroll labelled VUREAREDDO.
  3251 | D:3      | 3251 ||| READING scroll labelled QOBISO AGETAAGAONG.
  3252 | D:3      | 3252 ||| READING 2 scrolls of identify.
  3252 | D:3      | 3252 ||| IDENTIFYING bubbling emerald potion
  3253 | D:3      | 3253 ||| DROPPING potion of magic.
  3295 | D:4      | 3295 ||| READING scroll of enchant weapon.
  3295 | D:4      | 3295 ||| ENCHANTING +1 war axe.
  3298 | D:4      | 3298 ||| Stepping ~*~*~tactically~*~*~ (stealth).
  3299 | D:4      | 3299 ||| Stepping ~*~*~tactically~*~*~ (stealth).
  3300 | D:4      | 3300 ||| Stepping ~*~*~tactically~*~*~ (stealth).
  3332 | D:4      | Found a radiant altar of Vehumet.
  3434 | D:4      | Reached skill level 5 in Axes
  3566 | D:4      | Noticed Edmund
  3569 | D:4      | HP: 2/32 [Edmund/bolt of dispelling energy (15)]
  3570 | D:4      | Slain by Edmund

Levels and vault maps discovered:
D:1:      sevenhm_arrival_forest_fort_large_4, layout_loops_corners,
          kennysheep_decorative_pillar
D:2:      layout_basic, shapermc_ecumenical_altar_acropolis, serial_undead,
          serial_undead_a, serial_undead_d, serial_undead_e, serial_undead_a,
          serial_undead_e, serial_undead_f, serial_undead_b, serial_undead_d
D:3:      layout_loops_cross, serial_park_tiny_2
D:4:      layout_basic, mainiacjoe_overflow_alcove_1, minmay_temple_entry_trees,
          uniq_robin, uniq_crazy_yiuf_cottage, uniq_edmund, uniq_pikel

Skill      XL: |  1  2  3  4  5 |
---------------+----------------+-----
Axes           | 2 3 4 5 |  5.1
Throwing       | 1 |  1.0
Fighting       | |  3.4
Armour         | |  3.2
Shields        | |  3.2

Action                   |  1- 3 |  4- 6 || total
-------------------------+-------+-------++-------
Melee: War axe           |    79 |    79 ||   158
Throw: Boomerang         |    21 |     3 ||    24
       Javelin           |     3 |    24 ||    27
  Use: Scroll            |     5 |     5 ||    10
Armor: Scale mail        |    38 |       ||    38
       Chain mail        |    18 |    64 ||    82
Dodge: Dodged            |    45 |    27 ||    72
Block: Buckler           |    18 |    11 ||    29

Table legend:
 A = Non-vault XP
 B = Vault XP
 C = Vault XP percentage of total XP
 D = Non-vault monster count
 E = Vault monster count
 F = Vault count percentage of total count
                 A         B        C        D         E       F
            +---------+---------+-------+---------+---------+-------
      Total |     297 |       2 |   0.7 |      69 |       2 |   2.8
            +---------+---------+-------+---------+---------+-------
        D:1 |      37 |       0 |   0.0 |      19 |       0 |   0.0
        D:2 |      69 |       2 |   2.8 |      24 |       2 |   7.7
        D:3 |     136 |       0 |   0.0 |      16 |       0 |   0.0
        D:4 |      55 |       0 |   0.0 |      10 |       0 |   0.0
            +---------+---------+-------+---------+---------+-------
